 Dungeon Crawl Stone Soup version 0.22-a0-402-ga933591 (webtiles) character file.

3562 omgwth the Grappler (level 10, 0/58 HPs)
             Began as a Vine Stalker Fighter on May 6, 2018.
             Was a Believer of Cheibriados.
             Engulfed by a steam dragon's steam (3 damage)
             ... on level 8 of the Dungeon.
             The game lasted 00:14:00 (5819 turns).

omgwth the Grappler (Vine Stalker Fighter)          Turns: 5819, Time: 00:14:01

Health: 0/58       AC: 15    Str: 25    XL:     10   Next: 9%
Magic:  0/11       EV:  6    Int: 17    God:    Cheibriados [**....]
Gold:   448        SH: 19    Dex: 20    Spells: 9/9 levels left

rFire    . . .     SeeInvis .     - Unarmed
rCold    . . .     Gourm    .   n - +2 large shield
rNeg     . . .     Faith    .   a - +0 scale mail
rPois    .         Spirit   +   g - +1 hat
rElec    .         Reflect  .   k - +0 cloak
rCorr    .         Harm     .   h - +2 pair of gloves
MR       ++...                  (no boots)
Stlth    ..........             (no amulet)
HPRegen  0.59/turn              j - ring of protection from magic
MPRegen  0.12/turn              u - +2 ring of protection

@: very slow
A: fangs 3, iridescent scales 1, regeneration 1, robust 1, magic shield,
antimagic bite, no potion heal 3, rot immunity
a: Bend Time, Renounce Religion


You were on level 8 of the Dungeon.
You worshipped Cheibriados.
Cheibriados was pleased with you.
You were not hungry.

You visited 2 branches of the dungeon, and saw 9 of its levels.

You collected 448 gold pieces.

Inventory:

Armour
 a - a +0 scale mail (worn)
 b - a +0 shield
 g - a +1 hat (worn)
 h - a +2 pair of gloves (worn)
 k - a +0 cloak (worn)
 n - a +2 large shield (worn)
Jewellery
 j - a ring of protection from magic (left hand)
 l - an uncursed ring of ice
 u - a +2 ring of protection (right hand)
Wands
 s - a wand of iceblast (11)
Scrolls
 e - 3 scrolls of identify
 f - 2 scrolls of teleportation
 o - 7 scrolls of remove curse
 p - 2 scrolls of fog
 t - a scroll of enchant weapon {unknown}
 v - a scroll of blinking
Potions
 c - a potion of might
 i - a potion of resistance
 m - a potion of invisibility
 q - a potion of agility
 r - a potion of cancellation
 w - a potion of lignification {unknown}
Comestibles
 d - 12 rations


   Skills:
 + Level 6.7 Fighting
 - Level 2.4 Armour
 + Level 7.5 Shields
 - Level 10.0 Unarmed Combat


You had 9 spell levels left.
You didn't know any spells.

Dungeon Overview and Level Annotations

Branches:
Dungeon (8/15)             Temple (1/1) D:4
   Lair: D:8-11

Altars:
Ashenzari
Cheibriados
Dithmenos
Elyvilon
Fedhas
Gozag
Hepliaklqana
Kikubaaqudgha
Makhleb
Nemelex Xobeh
Okawaru
Qazlal
Ru
Sif Muna
Trog
Uskayaw
Vehumet
Xom
Yredelemnul
Zin
The Shining One

Annotations:
D:6 exclusion: oklob plant
D:8 Joseph


Innate Abilities, Weirdness & Mutations

You have razor-sharp teeth.
Your natural rate of healing is unusually fast.
When hurt, damage is shared between your health and your magic reserves.
Your bite disrupts and absorbs the magic of your enemies.
Potions cannot restore your health.
You are immune to rotting.
You are partially covered in iridescent scales. (AC +2)
You are robust. (+10% HP)


Message History

Joseph, a Mercenary comes into view.
He is wielding a quarterstaff.
Joseph shouts!
The steam dragon breathes steam at you. The ball of steam hits you!
You are engulfed in a cloud of scalding steam.
The steam dragon breathes steam at you. The ball of steam hits you!
You are engulfed in a cloud of scalding steam.
Joseph unwields an uncursed quarterstaff.
Joseph wields a hunting sling.
Joseph shoots a sling bullet.
The sling bullet hits you. The steam dragon breathes steam at you.
The ball of steam hits you!
* * * LOW HITPOINT WARNING * * *
Joseph shoots a sling bullet.
The sling bullet hits you.
* * * LOW HITPOINT WARNING * * *
There is an open door here.
You see here 2 sling bullets.
You are engulfed in a cloud of scalding steam.
You die...

#.....# #.......#..
#.....# #.......#..
#.....# #.......#..
###.....######.......###
#....†###...#...###'####
#.....#...........#.....
#§....#§§.........#..>..
#.....§§§.........#...(.
#.§..§#@§.........#.....
#...§.#...........#.....
#@§...#<..........#.....
#.....#...........#.....
#.....#...####.####...##
....#'##...####'#########
....#......#.............
...#......#..........###
#......#.........##..


There were no monsters in sight!

Vanquished Creatures
  A two-headed ogre (D:8)
  Pikel (D:8)
  A hippogriff (D:7)
  A meliai zombie (D:8)
  2 sky beasts
  An orc warrior (D:7)
  A slave (D:8)
  An ice beast (D:5)
  2 ogres
  2 centaurs
  4 bullfrogs
  4 scorpions
  3 wights (D:8)
  2 howler monkeys
  2 crimson imps (D:5)
  A centaur zombie (D:4)
  A jelly (D:6)
  A quasit (D:7)
  2 bullfrog zombies
  2 hounds
  An orc priest (D:8)
  A bullfrog skeleton (D:6)
  2 iguanas
  2 orc wizards (D:5)
  6 worker ants
  2 hound skeletons (D:5)
  A howler monkey skeleton (D:6)
  10 adders
  3 gnolls (D:6)
  3 shadow imps
  An ooze (D:5)
  3 worms
  2 dart slugs (D:1)
  5 leopard geckos
  13 orcs
  6 ball pythons
  5 giant cockroaches
  7 goblins
  8 hobgoblins
  3 quokkas
  7 bats
  12 frilled lizards
  2 jackal skeletons
  A jackal zombie (D:5)
  6 kobolds
  A quokka zombie (D:5)
  6 rats
154 creatures vanquished.

Vanquished Creatures (others)
  A slave (D:8)
  6 toadstools (D:6)
7 creatures vanquished.

Grand Total: 161 creatures vanquished

Notes
Turn   | Place    | Note
-------+----------+-------------------------------------------
     0 | D:1      | omgwth the Vine Stalker Fighter began the quest for the Orb.
     0 | D:1      | Reached XP level 1. HP: 11/11 MP: 2/2
   112 | D:1      | Reached XP level 2. HP: 15/16 MP: 3/3
   155 | D:1      | Reached skill level 3 in Unarmed Combat
   277 | D:1      | Reached XP level 3. HP: 9/19 MP: 4/4
   852 | D:2      | Reached skill level 4 in Unarmed Combat
  1030 | D:2      | Gained mutation: Your natural rate of healing is unusually fast. [Vine Stalker growth]
  1030 | D:2      | Reached XP level 4. HP: 19/23 MP: 5/5
  1364 | D:2      | Found a faded altar of an unknown god.
  2400 | D:3      | Reached skill level 5 in Unarmed Combat
  2400 | D:3      | Reached XP level 5. HP: 18/27 MP: 4/6
  2495 | D:4      | Noticed an ogre
  2518 | D:4      | Killed an ogre
  2518 | D:4      | Reached skill level 6 in Unarmed Combat
  2518 | D:4      | Reached XP level 6. HP: 32/32 MP: 7/7
  2564 | D:4      | Found a staircase to the Ecumenical Temple.
  2609 | Temple   | Entered the Ecumenical Temple
  2753 | Temple   | Became a worshipper of Cheibriados the Contemplative
  2949 | D:4      | Reached skill level 7 in Unarmed Combat
  3099 | D:4      | Found a radiant altar of Vehumet.
  3099 | D:4      | Found a stormy altar of Qazlal.
  3223 | D:5      | Entered Level 5 of the Dungeon
  3284 | D:5      | Reached XP level 7. HP: 29/35 MP: 6/8
  3336 | D:5      | Found a glowing silver altar of Zin.
  3383 | D:5      | Reached skill level 8 in Unarmed Combat
  3472 | D:5      | Reached * piety under Cheibriados
  3654 | D:5      | Reached skill level 9 in Unarmed Combat
  3654 | D:5      | Gained mutation: You have razor-sharp teeth. [Vine Stalker growth]
  3654 | D:5      | Reached XP level 8. HP: 24/39 MP: 9/9
  4095 | D:6      | Reached ** piety under Cheibriados
  4164 | D:6      | Reached skill level 10 in Unarmed Combat
  4226 | D:6      | Found a blossoming altar of Fedhas.
  4245 | D:6      | Noticed an oklob plant
  4461 | D:7      | Noticed a hippogriff
  4470 | D:7      | Killed a hippogriff
  4470 | D:7      | Reached skill level 5 in Shields
  4470 | D:7      | Reached XP level 9. HP: 30/45 MP: 7/10
  4863 | D:7      | Found a shattered altar of Ashenzari.
  5344 | D:7      | Gained mutation: You are robust. (+10% HP) [potion of mutation]
  5344 | D:7      | Gained mutation: You are partially covered in iridescent scales. (AC +2) [potion of mutation]
  5474 | D:8      | Reached skill level 5 in Fighting
  5475 | D:8      | Noticed Pikel
  5494 | D:8      | Killed Pikel
  5594 | D:8      | Noticed a two-headed ogre
  5600 | D:8      | Killed a two-headed ogre
  5600 | D:8      | Reached XP level 10. HP: 58/58 MP: 11/11
  5747 | D:8      | Found a white marble altar of Elyvilon.
  5747 | D:8      | Found an opulent altar of Gozag.
  5814 | D:8      | Noticed Joseph
  5819 | D:8      | Engulfed by a steam dragon's steam

Vault maps used:
D:1:      saegor_arrival_simple_e, minmay_lizard_pond
D:2:      chequers_ecumenical_altar_simple_redux
D:3:      nicolae_overflow_hidden_temple, minmay_misc_feat_roman
D:4:      gammafunk_temple_overflow_elements, temple_fountains, first_ration
D:5:      nicolae_overflow_crystal_walls
D:6:      tgw_fedhas
D:7:      cheibrodos_ashenzari_chains
D:8:      gammafunk_temple_overflow_pools, uniq_pikel, uniq_joseph
Temple:   regret_index_temple_waves

Skill      XL: |  1  2  3  4  5  6  7  8  9 |
---------------+----------------------------+-----
Unarmed Combat | 3 4 5 6 7 9 10 | 10.0
Shields        | 5 7 |  7.5
Fighting       | 3 6 |  6.7
Armour         | |  2.4

Action                   |  1- 3 |  4- 6 |  7- 9 | 10-12 || total
-------------------------+-------+-------+-------+-------++-------
Melee: Unarmed           |   124 |   170 |   257 |     6 ||   557
       Bite              |    34 |    47 |   113 |     5 ||   199
Invok: Bend Time         |       |       |     2 |       ||     2
Evoke: Wand              |       |       |     2 |       ||     2
  Use: Scroll            |     3 |     9 |     5 |       ||    17
       Potion            |       |     1 |     1 |       ||     2
  Eat: Chunk             |     1 |     6 |     6 |       ||    13
Armor: Scale mail        |    42 |    63 |    81 |     4 ||   190
Dodge: Dodged            |    34 |    40 |    28 |     1 ||   103
Block: Shield            |    60 |    61 |    32 |       ||   153
       Large shield      |       |       |   127 |     6 ||   133

Table legend:
 A = Spawn XP
 B = Non-spawn XP
 C = Spawn XP percentage of total XP
 D = Spawn monster count
 E = Non-spawn monster count
 F = Spawn count percentage of total count
 G = Total turns spent on level
                    A         B        C        D         E        F      G
               +---------+---------+-------+---------+---------+-------+---------
         Total |       0 |    5089 |   0.0 |       0 |     153 |   0.0 |  5819
               +---------+---------+-------+---------+---------+-------+---------
           D:1 |       0 |      59 |   0.0 |       0 |      38 |   0.0 |   751
           D:2 |       0 |      45 |   0.0 |       0 |      12 |   0.0 |   776
           D:3 |       0 |     107 |   0.0 |       0 |      15 |   0.0 |   919
           D:4 |       0 |     377 |   0.0 |       0 |      15 |   0.0 |   607
           D:5 |       0 |     860 |   0.0 |       0 |      24 |   0.0 |   776
           D:6 |       0 |     721 |   0.0 |       0 |      23 |   0.0 |   414
           D:7 |       0 |     663 |   0.0 |       0 |      12 |   0.0 |   972
           D:8 |       0 |    2257 |   0.0 |       0 |      14 |   0.0 |   434
               +---------+---------+-------+---------+---------+-------+---------
